 Dungeon Sprint DCSS version 0.28-a0-1429-gf3d713df7a (webtiles) character file.

Game seed: 14220422112024909044

5536 mhtbhm the Severer (level 10, 0/171 HPs)
             Began as a Green Draconian Berserker on Jan 9, 2022.
             Was the Champion of Trog.
             Slain by Urug (26 damage)
             ... in the Dungeon (Sprint III: "The Ten Rune Challenge").
             The game lasted 00:03:23 (2075 turns).

mhtbhm the Severer (Green Draconian Berserker)      Turns: 2075, Time: 00:03:24

Health: 0/171      AC:  7    Str: 24    XL:     10   Next: 43%
Magic:  11/11      EV: 16    Int:  7    God:    Trog [******]
Gold:   41         SH:  0    Dex: 11    Spells: 9/9 levels left

rFire   . . .      SeeInvis .   a - +5 battleaxe (vorpal)
rCold   . . .      Faith    .   (shield currently unavailable)
rNeg    . . .      Spirit   .   (armour unavailable)
rPois   +          Reflect  .   (helmet restricted)
rElec   .          Harm     .   (no cloak)
rCorr   .          Rampage  .   (no gloves)
Will    .....      NoTele   +   (no boots)
Stlth   ..........              (no amulet)
HPRegen 0.38/turn               (no ring)
MPRegen 0.12/turn               (no ring)

@: berserking, very quick
A: breathe noxious fumes, AC +7, unfitting armour, poison resistance,
cold-blooded, high mp 1, passive freeze, robust 1, wild magic 1
a: Breathe Noxious Fumes, Renounce Religion, Berserk, Trog's Hand, Brothers in
Arms


You were in the Dungeon.
You worshipped Trog.
Trog was exalted by your worship.
You visited 1 branch You collected 41 gold pieces.

Inventory:

Hand Weapons
 a - a +5 vorpal battleaxe (weapon)
Wands
 p - a wand of iceblast (9)
Scrolls
 g - a scroll of blinking
 h - 2 scrolls of immolation {unknown}
 j - 3 scrolls of identify
 l - a scroll of torment {unknown}
Potions
 b - 4 potions of curing
 c - a potion of heal wounds
 d - a potion of haste
 e - 2 potions of magic
 f - a potion of berserk rage
 i - a potion of mutation
 k - a potion of brilliance {unknown}
 m - a potion of flight {unknown}
 n - a potion of might
Miscellaneous
 o - a phial of floods


   Skills:
 + Level 14.5 Fighting
 + Level 15.8 Axes
 + Level 12.1 Dodging
 + Level 7.3 Stealth


You had 9 spell levels left.
You didn't know any spells.
Your spell library was empty.

Dungeon Overview and Level Annotations

Branches:
Dungeon (1/1)

Altars:
Cheibriados
Dithmenos
Elyvilon
Fedhas
Gozag
Hepliaklqana
Kikubaaqudgha
Makhleb
Nemelex Xobeh
Okawaru
Qazlal
Ru
Sif Muna
Trog
Uskayaw
Vehumet
Wu Jian
Xom
Yredelemnul
Zin
The Shining One
Beogh
Jiyva
Lugonu

Annotations:
D Urug


Innate Abilities, Weirdness & Mutations

You can breathe blasts of noxious fumes.
Your lurid green scales are hard. (AC +7)
You cannot fit into any form of body armour.
Your system is resistant to poisons. (rPois)
You are cold-blooded and may be slowed by cold attacks.
You have an increased reservoir of magic. (+10% MP)
A frigid envelope surrounds you and freezes all who hurt you.
You are robust. (+10% HP)
Your spells are a little harder to cast, but a little more powerful.


Message History

You barely miss Urug.
Urug is severely wounded.
Urug closely misses you.
You hit Urug but do no damage.
Urug is severely wounded.
Urug hits you with a +3 eveningstar of holy wrath!!
Urug is very cold.
Urug is severely wounded.
You are too injured to fight recklessly!
You are too injured to fight recklessly!
You are too injured to fight recklessly!
You are too injured to fight recklessly!
You are too injured to fight recklessly!
You are too injured to fight recklessly!
You are too injured to fight recklessly!
You are too injured to fight recklessly!
You are too injured to fight recklessly!
You are too injured to fight recklessly!
You are too injured to fight recklessly!
You are too injured to fight recklessly!
Aiming: Breathe Noxious Fumes (3% risk of failure)
Press: ? - help, Shift-Dir - straight line, f - Urug
Aim: Urug, wielding a +3 eveningstar of holy wrath, wearing a +0 scale mail and quivering javelins (severely wounded)
You fail to use your ability.
Urug hits you with a +3 eveningstar of holy wrath!!
* * * LOW HITPOINT WARNING * * *
Urug is very cold.
Urug is almost dead.
Unknown command.
A red film seems to cover your vision as you go berserk!
You feel yourself moving faster!
You feel mighty!
Urug hits you with a +3 eveningstar of holy wrath.
* * * LOW HITPOINT WARNING * * *
Urug is very cold.
Urug is almost dead.
Unknown command.
You closely miss Urug.
Urug is almost dead.
Urug hits you with a +3 eveningstar of holy wrath!!
You die...

....#___#__'...#...#..#..##).'...
▓▓▓▓▓▓▓▓▓▓▓▓▓▓▓▓▓▓▓▓▓▓▓▓▓▓▓▓▓#...
♣.....♣♣♣♣≈≈≈........≈≈≈...#...
♣.≈≈≈≈'♣♣'♣≈≈≈≈≈≈≈≈≈≈≈≈♣♣P.'...
+.....#.≈♣♣♣♣♣♣♣♣♣♣♣♣♣♣♣♣PP#..^
♣♣♣♣♣♣#..♣♣ ♣♣♣##+# ###'♣♣♣♣♣
♣♣♣♣†##..## ♣†).##†##@#
♣♣.##.##o## ♣..#.##. ♣♣.##.##
♣♣.##.# ♣.....# #######


You could see Urug.

Vanquished Creatures
  Erolcha (D)
  A lindwurm (D)
  A deep elf pyromancer (D)
  2 cane toads (D)
  A komodo dragon (D)
  A rime drake (D)
  2 tyrant leeches (D)
  A shadow (D)
  3 wandering mushrooms (D)
  5 redbacks (D)
  A spatial vortex (D)
  A swamp drake (D)
  A necrophage (D)
  5 two-headed ogres (D)
  A water elemental (D)
  A jelly (D)
  A necromancer (D)
  A wizard (D)
  A kobold demonologist (D)
  3 humans (D)
  A phantom (D)
  An endoplasm (D)
  3 rats (D)
39 creatures vanquished.

Notes
Turn   | Place    | Note
-------+----------+-------------------------------------------
     0 | D        | mhtbhm the Draconian Berserker began the quest for the Orb.
     0 | D        | Reached XP level 1. HP: 19/19 MP: 1/1
    28 | D        | Reached ** piety under Trog
   110 | D        | Reached skill level 4 in Axes
   110 | D        | Reached XP level 2. HP: 28/28 MP: 2/2
   169 | D        | Gained mutation: Your body sometimes deteriorates upon
                  | taking damage. [potion of mutation]
   169 | D        | Gained mutation: Your tail ends in a venomous barb. [potion
                  | of mutation]
   169 | D        | Gained mutation: Your flesh is cold resistant. (rC+)
                  | [potion of mutation]
   170 | D        | Lost mutation: Your tail ends in a venomous barb. [potion
                  | of mutation]
   170 | D        | Lost mutation: Your body sometimes deteriorates upon taking
                  | damage. [potion of mutation]
   170 | D        | Lost mutation: Your flesh is cold resistant. (rC+) [potion
                  | of mutation]
   170 | D        | Gained mutation: You have hidden genetic potential. [potion
                  | of mutation]
   170 | D        | Gained mutation: You are robust. (+10% HP) [potion of
                  | mutation]
   170 | D        | Gained mutation: You have an increased reservoir of magic.
                  | (+10% MP) [potion of mutation]
   192 | D        | Noticed a water elemental
   196 | D        | Killed a water elemental
   196 | D        | Reached *** piety under Trog
   197 | D        | Reached skill level 5 in Axes
   197 | D        | Reached skill level 5 in Dodging
   197 | D        | Reached XP level 3. HP: 40/40 MP: 3/3
   197 | D        | Reached XP level 4. HP: 48/48 MP: 4/4
   205 | D        | Gained mutation: A frigid envelope surrounds you and
                  | freezes all who hurt you. [hidden potential]
   258 | D        | Found a basalt altar of Yredelemnul.
   258 | D        | Found a shadowy altar of Dithmenos.
   258 | D        | Found a sacrificial altar of Ru.
   258 | D        | Noticed a necrophage
   265 | D        | Killed a necrophage
   266 | D        | Reached skill level 6 in Axes
   266 | D        | Reached XP level 5. HP: 48/57 MP: 5/5
   269 | D        | Reached skill level 7 in Axes
   271 | D        | Gained mutation: Your spells are a little harder to cast,
                  | but a little more powerful. [hidden potential]
   271 | D        | Lost mutation: You have hidden genetic potential. [hidden
                  | potential expressed]
   455 | D        | Found a hide-covered altar of Uskayaw.
   455 | D        | Found an iron altar of Okawaru.
   455 | D        | Found a bloodstained altar of Trog.
   455 | D        | Found an ornate altar of the Wu Jian Council.
   455 | D        | Noticed a human
   456 | D        | Noticed a human
   463 | D        | Killed a human
   464 | D        | Reached skill level 8 in Axes
   464 | D        | Reached XP level 6. HP: 69/69 MP: 6/6
   464 | D        | Killed a human
   464 | D        | Reached **** piety under Trog
   465 | D        | Reached skill level 9 in Axes
   570 | D        | Found a radiant altar of Vehumet.
   570 | D        | Found a shimmering blue altar of Sif Muna.
   570 | D        | Found an ancient bone altar of Kikubaaqudgha.
   581 | D        | Reached skill level 10 in Fighting
   627 | D        | Found a glowing silver altar of Zin.
   627 | D        | Found a glowing golden altar of the Shining One.
   627 | D        | Found a white marble altar of Elyvilon.
   628 | D        | Noticed a deep elf pyromancer
   634 | D        | Killed a deep elf pyromancer
   634 | D        | Reached ***** piety under Trog
   635 | D        | Reached skill level 10 in Axes
   635 | D        | Your scales start taking on a lurid green colour.
   635 | D        | Reached XP level 7. HP: 44/81 MP: 7/7
   635 | D        | Gained mutation: Your system is resistant to poisons.
                  | (rPois) [Green Draconian growth]
   795 | D        | Noticed a shadow
   811 | D        | Killed a shadow
   812 | D        | Reached skill level 10 in Dodging
   812 | D        | Reached XP level 8. HP: 42/90 MP: 8/8
  1051 | D        | Found a blossoming altar of Fedhas.
  1051 | D        | Found a stormy altar of Qazlal.
  1051 | D        | Found a snail-covered altar of Cheibriados.
  1051 | D        | Found a burning altar of Makhleb.
  1051 | D        | Found a shimmering altar of Xom.
  1052 | D        | Found a hazy altar of Hepliaklqana.
  1052 | D        | Found an opulent altar of Gozag.
  1052 | D        | Found a sparkling altar of Nemelex Xobeh.
  1052 | D        | Found a corrupted altar of Lugonu.
  1052 | D        | Found a viscous altar of Jiyva.
  1062 | D        | Received a gift from Trog
  1169 | D        | Reached skill level 11 in Axes
  1319 | D        | Noticed a two-headed ogre
  1325 | D        | Killed a two-headed ogre
  1326 | D        | Reached skill level 1 in Stealth
  1421 | D        | Noticed a two-headed ogre
  1421 | D        | Noticed Erolcha
  1425 | D        | Killed a two-headed ogre
  1426 | D        | Reached skill level 12 in Axes
  1429 | D        | Killed Erolcha
  1429 | D        | Received a gift from Trog
  1430 | D        | Reached skill level 13 in Axes
  1430 | D        | Reached XP level 9. HP: 102/102 MP: 9/9
  1568 | D        | Noticed a wandering mushroom
  1573 | D        | Noticed a wandering mushroom
  1575 | D        | Noticed a wandering mushroom
  1658 | D        | Killed a wandering mushroom
  1729 | D        | Noticed a cane toad
  1729 | D        | Noticed a komodo dragon
  1729 | D        | Noticed a cane toad
  1732 | D        | Killed a cane toad
  1733 | D        | Reached skill level 14 in Axes
  1733 | D        | Reached skill level 5 in Stealth
  1737 | D        | Killed a komodo dragon
  1740 | D        | Killed a cane toad
  1741 | D        | Reached XP level 10. HP: 61/113 MP: 11/11
  1929 | D        | Reached ****** piety under Trog
  1930 | D        | Reached skill level 15 in Axes
  1940 | D        | Received a gift from Trog
  2047 | D        | Noticed a lindwurm
  2051 | D        | Killed a lindwurm
  2064 | D        | Noticed Urug
  2075 | D        | Slain by Urug

Illustrated notes

Levels and vault maps discovered:
D:        dungeon_sprint_mu [sprint_mu_entry_cave, sprint_mu_temple_rooms,
          sprint_mu_d1_spiders, sprint_mu_d2_genie, sprint_mu_d3_branching,
          sprint_mu_orc_legion, sprint_mu_elf_gauntlet, sprint_mu_hive_nellie,
          sprint_mu_lair_fedhas, sprint_mu_vaults_butterflies,
          sprint_mu_slime_circle, sprint_mu_shoals_archi,
          sprint_mu_snake_twists, sprint_mu_blade_basic,
          sprint_mu_crypt_fortress, sprint_mu_tomb_spiral,
          sprint_mu_vestibule_basic, sprint_mu_gehenna_hellfire,
          sprint_mu_dis_giant, sprint_mu_tartarus_statrot,
          sprint_mu_cocytus_islands, sprint_mu_zot1]

Skill      XL: |  1  2  3  4  5  6  7  8  9 10 |
---------------+-------------------------------+-----
Dodging        | 4 5 6 7 9 10 11 12 | 12.1
Fighting       | 4 6 7 9 11 13 14 | 14.5
Axes           | 4 5 6 8 10 13 14 15 | 15.8
Stealth        | 4 5 7 |  7.3

Action                   |  1- 3 |  4- 6 |  7- 9 | 10-12 || total
-------------------------+-------+-------+-------+-------++-------
Melee: Hand axe          |    21 |    31 |    20 |       ||    72
       Tailslap          |     4 |     3 |    10 |     3 ||    20
       Punch             |     1 |       |     1 |       ||     2
       War axe           |       |       |    25 |       ||    25
       Executioner's axe |       |       |    24 |     9 ||    33
       Battleaxe         |       |       |       |    17 ||    17
Invok: Berserk           |     2 |     1 |     2 |     1 ||     6
 Abil: Breathe Noxious F |       |       |     3 |       ||     3
  Use: Potion            |     2 |       |       |       ||     2
 Stab: Confused          |       |       |     4 |       ||     4
       Sleeping          |       |       |       |     4 ||     4
Armor: Skin              |     1 |     7 |     6 |     3 ||    17
Dodge: Dodged            |    14 |    21 |    39 |    11 ||    85

Table legend: (Time is in decaauts)
 A = Elapsed time spent in this place.
 B = Non-inter-level travel time spent in this place.
 C = Inter-level travel time spent in this place.
 D = Time resting spent in this place.
 E = Time spent auto-exploring this place.
 F = Levels seen in this place.
 G = Mean time per level.
                   A        B        C        D        E       F      G
               +--------+--------+--------+--------+--------+-----+--------+
         Total |   2121 |   2121 |      0 |   1538 |    168 |   1 | 2121.0 |
       Dungeon |   2121 |   2121 |      0 |   1538 |    168 |   1 | 2121.0 |
               +--------+--------+--------+--------+--------+-----+--------+

Top non-repeatable levels by time:
       D: 2121 daAuts
